 Dungeon Crawl Stone Soup version 0.29-a0-338-g1ff7896281 (webtiles) character file.

Game seed: 2201534600927869611

25 zeratav the Sneak (level 3, -3/16 HPs)
             Began as a Vine Stalker Enchanter on Apr 17, 2022.
             Slain by Terence
             ... wielding a +0 mace
              (6 damage)
             ... on level 2 of the Dungeon.
             The game lasted 00:01:43 (1835 turns).

zeratav the Sneak (Vine Stalker Enchanter)          Turns: 1835, Time: 00:01:44

Health: -3/16      AC:  2    Str: 10    XL:     3   Next: 6%
Magic:  0/7        EV: 16    Int: 15    God:
Gold:   67         SH:  0    Dex: 16    Spells: 4/6 levels left

rFire   . . .      SeeInvis .   a - +1 dagger {short}
rCold   . . .      Faith    .   (no shield)
rNeg    . . .      Spirit   +   b - +0 robe
rPois   .          Reflect  .   (no helmet)
rElec   .          Harm     .   (no cloak)
rCorr   .          Rampage  .   (no gloves)
Will    .....                   (no boots)
Stlth   +++.......              (no amulet)
HPRegen 0.05/turn               g - +4 ring of evasion
MPRegen 0.10/turn               (no ring)

@: no status effects
A: fangs 2, magic shield, antimagic bite, no potion heal 2
a: no special abilities


You were on level 2 of the Dungeon.
You visited 1 branch of the dungeon, and saw 2 of its levels.

You collected 67 gold pieces.


Innate Abilities, Weirdness & Mutations

You have extremely sharp teeth.
When hurt, damage is shared between your health and your magic reserves.
Your bite disrupts and absorbs the magic of your enemies.
Potions cannot restore your health.


   Skills:
 * Level 2.0 Short Blades
 - Level 1.5 Dodging
 + Level 4.1 Stealth
 - Level 2.1 Spellcasting
 + Level 3.2 Hexes


You had 4 spell levels left.
You knew the following spells:

 Your Spells              Type           Power      Damage    Failure   Level
a - Ensorcelled Hibernat  Hex/Ice        12%        N/A       17%         2

Your spell library contained the following spells:

 Spells                   Type           Power      Damage    Failure   Level
 Confusing Touch          Hex            11%        N/A       17%         3
 Tukima's Dance           Hex            11%        N/A       17%         3
 Dazzling Flash           Conj/Hex       12%        N/A       32%         3
 Chain Lightning          Conj/Air       0%         2d1       100%        9
 Fire Storm               Conj/Fire      0%         6d1       100%        9
 Shatter                  Erth           0%         3d5*      100%        9

Inventory:

Hand Weapons
 a - a +1 dagger (weapon) {short}
 l - a +2 mace of holy wrath {mace}
   (You found it on level 2 of the Dungeon)
Armour
 b - a +0 robe (worn)
 e - a +0 robe
   (You found it on level 1 of the Dungeon)
 j - a +0 leather armour
   (You found it on level 1 of the Dungeon)
Jewellery
 g - a +4 ring of evasion (left hand)
   (You found it on level 1 of the Dungeon)
Scrolls
 d - 4 scrolls of identify {unknown}
 f - a scroll of enchant weapon {unknown}
 h - a scroll of teleportation {unknown}
 m - a scroll of silence {unknown}
Potions
 c - 2 potions of invisibility
 i - a potion of lignification {unknown}
 k - a potion of curing {unknown}
 n - a potion of cancellation {unknown}

Dungeon Overview and Level Annotations

Branches:
Dungeon (2/15)

Altars:
Elyvilon

Shops:
D:2 ?

Annotations:
D:2 Terence

#.# #....##.#
#.#####....##.#######
#.#..........>......+
.
#.#.#########.######
.. #.#.# #.#######...
#.#.# #...........
#.#.# #...........
#.#.# #...........
#.#.# #...@.......
#.#.# #...@.......
....# ##.#########
##### ).∩. ..#.#
...... ... . ..


You could see Terence.


Message History

You now have 16 max hp (+3).
You regained 2 hp, and now have 10/16 hp.
There is a stone staircase leading down here.
There is a stone staircase leading up here.
m - a scroll labelled NEH AMMOTZ HP[+6] MP[+3]
Your hp is fully restored (16).
Your mp is fully restored (7).
n - a fuming silvery potion A goblin comes into view.
It is wielding a +0 dagger.
The goblin shouts!
The goblin hits you with a +0 dagger.
HP[-2] MP[-1]
You take 2 damage, and now have 14/16 hp.
You lost 1 mp, and now have 6/7 mp.
You hit the goblin.
You kill the goblin!
No target in view!
No target in view!
No target in view!
No target in view!
No target in view!
No target in view!
No target in view!
No target in view!
No target in view!
No target in view!
No target in view!
No target in view!
No target in view!
A rat comes into view.
The rat closely misses you.
You hit the rat.
You kill the rat!
Your Short Blades skill increases to level 2!
No target in view!
No target in view!
No target in view!
No target in view!
No target in view!
No target in view!
No target in view!
No target in view!
No target in view!
No target in view!
No target in view!
No target in view!
No target in view!
Found a stone staircase leading down.
HP[+2] MP[+1]
Your hp is fully restored (16).
Your mp is fully restored (7).
Terence the Incautious comes into view.
He is wielding a +0 mace.
Found Kenege's Magic Scroll Emporium.
The helpless Terence fails to defend himself.
You puncture Terence! You bite Terence, but do no damage.
Terence shouts, "Now you die!" Terence hits you with a +0 mace.
HP[-3] MP[-1]
You take 3 damage, and now have 13/16 hp.
You lost 1 mp, and now have 6/7 mp.
You closely miss Terence. You bite Terence, but do no damage.
Terence completely misses you.
You hit Terence but do no damage. Terence hits you with a +0 mace!
* * * LOW HITPOINT WARNING * * *
HP[-5] MP[-2]
You take 5 damage, and now have 8/16 hp.
MASSIVE DAMAGE!! (PAUSE)
You lost 2 mp, and now have 4/7 mp.
You barely miss Terence. You closely miss Terence. Terence barely misses you.
Casting: Ensorcelled Hibernation (safe; 17% risk of failure)
Confirm with . or Enter, or press ? or * to list all spells.
Aiming: Ensorcelled Hibernation (safe; 17% risk of failure)
Press: ? - help, Shift-Dir - straight line, f - Terence
Aim: Terence, wielding a +0 mace and wearing a +0 scale mail (almost dead, chance to affect: 49%)
You miscast Ensorcelled Hibernation.
You are very lightly contaminated with residual magic.
Nothing appears to happen.
Terence closely misses you.
MP[-2]
You lost 2 mp, and now have 2/7 mp.
You hit Terence. You bite Terence, but do no damage. Terence misses you.
You barely miss Terence. Terence barely misses you.
You closely miss Terence. Terence misses you.
You barely miss Terence. Terence closely misses you.
You barely miss Terence. Your bite misses Terence.
Terence hits you with a +0 mace.
* * * LOW HITPOINT WARNING * * *
HP[-2]
You take 2 damage, and now have 6/16 hp.
You closely miss Terence. You bite Terence, but do no damage.
Terence barely misses you.
You hit Terence but do no damage. Terence completely misses you.
Your magical contamination has completely faded away.
You hit Terence but do no damage. Terence hits you with a +0 mace.
* * * LOW HITPOINT WARNING * * *
HP[-3]
You take 3 damage, and now have 3/16 hp.
You hit Terence but do no damage. You hit Terence but do no damage.
You bite Terence, but do no damage. Terence hits you with a +0 mace!
You die...

Skill      XL: |  1  2  3 |
---------------+----------+-----
Short Blades   | 1 2 |  2.0
Stealth        | 4 |  4.1
Dodging        | |  1.5
Spellcasting   | |  2.1
Hexes          | |  3.2

Action                   || total
-------------------------++-------
Melee: Dagger            ||    80
       Bite              ||    23
 Stab: Sleeping          ||     6
Armor: Robe              ||     7
Dodge: Dodged            ||    48

Levels and vault maps discovered:
D:1:      erik_arrival_cave_to_civilisation [erik_arrival_cave_to_hall],
          layout_basic, chequers_serial_rivers_large_b
D:2:      layout_basic, serial_shops, nicolae_shop_crystal, basic_altar,
          lemuel_flame_loot_1, uniq_terence

Notes
Turn   | Place    | Note
-------+----------+-------------------------------------------
     0 | D:1      | zeratav the Vine Stalker Enchanter began the quest for the
                  | Orb.
     0 | D:1      | Reached XP level 1. HP: 9/9 MP: 4/4
     0 | D:1      | magus.rc [v1.9.6]
    80 | D:1      | Reached skill level 1 in Short Blades
   216 | D:1      | Reached XP level 2. HP: 13/13 MP: 6/6
   708 | D:1      | Reached skill level 4 in Stealth
   796 | D:1      | You pick up a book of Annihilations and begin reading...
   796 | D:1      | You add the spells Chain Lightning, Fire Storm and Shatter
                  | to your library.
   944 | D:1      | Learned a level 2 spell: Ensorcelled Hibernation
  1336 | D:2      | Found a white marble altar of Elyvilon.
  1460 | D:2      | Reached XP level 3. HP: 10/16 MP: 4/7
  1728 | D:2      | Reached skill level 2 in Short Blades
  1813 | D:2      | Noticed Terence
  1815 | D:2      | Found Kenege's Magic Scroll Emporium.
  1833 | D:2      | HP: 3/16 [Terence/+0 mace (3)]
  1835 | D:2      | Slain by Terence

Vanquished Creatures
  A dart slug (D:1)
  3 endoplasms
  3 goblins
  3 hobgoblins (D:1)
  3 kobolds (D:1)
  2 quokkas (D:1)
  A ball python (D:1)
  A bat (D:1)
  2 frilled lizards (D:1)
  3 rats
22 creatures vanquished.

Table legend:
 A = Non-vault XP
 B = Vault XP
 C = Vault XP percentage of total XP
 D = Non-vault monster count
 E = Vault monster count
 F = Vault count percentage of total count
                 A         B        C        D         E       F
            +---------+---------+-------+---------+---------+-------
      Total |      37 |       0 |   0.0 |      22 |       0 |   0.0
            +---------+---------+-------+---------+---------+-------
        D:1 |      32 |       0 |   0.0 |      19 |       0 |   0.0
        D:2 |       5 |       0 |   0.0 |       3 |       0 |   0.0
            +---------+---------+-------+---------+---------+-------

Illustrated notes

Table legend:
 A = Kills in this place as a percentage of kills in entire the game.
 B = Kills by you in this place as a percentage of kills by you in the entire game.
 C = Kills by friends in this place as a percentage of kills by friends in the entire game.
 D = Other kills in this place as a percentage of other kills in the entire game.
 E = Experience gained in this place as a percentage of experience gained in the entire game.
 F = Experience gained in this place divided by the number of levels of this place that you have seen.
                   A       B       C       D       E      F
               +-------+-------+-------+-------+-------+----------------------
         Total | 100.0 | 100.0 |   N/A |   N/A | 100.0 |  18.5
       Dungeon | 100.0 | 100.0 |   N/A |   N/A | 100.0 |  18.5
               +-------+-------+-------+-------+-------+----------------------

Table legend: (Time is in decaauts)
 A = Elapsed time spent in this place.
 B = Non-inter-level travel time spent in this place.
 C = Inter-level travel time spent in this place.
 D = Time resting spent in this place.
 E = Time spent auto-exploring this place.
 F = Levels seen in this place.
 G = Mean time per level.
                   A        B        C        D        E       F      G
               +--------+--------+--------+--------+--------+-----+--------+
         Total |   1855 |   1833 |     22 |      0 |   1631 |   2 |  927.5 |
       Dungeon |   1855 |   1833 |     22 |      0 |   1631 |   2 |  927.5 |
               +--------+--------+--------+--------+--------+-----+--------+

Top non-repeatable levels by time:
     D:1: 1327 daAuts
     D:2: 528 daAuts
